[Event "GrandPrix_29.05"]
[Site "Chess.com"]
[Date "2020.05.29"]
[Round "4"]
[White "LANCELOT96"]
[Black "bedgasm"]
[Result "0-1"]
[WhiteElo "2020"]
[BlackElo "2239"]
[TimeControl "600+2"]
[EndTime "10:49:46 PDT"]
[Termination "bedgasm won by resignation"]

1. d4 Nf6 2. c4 d5 3. cxd5 Nxd5 4. e4 Nb6 5. Nc3 g6 6. f3 Bg7 7. Be3 O-O 8. Nge2 Nc6 9. d5 Na5 10. Bd4 e5 11. Bc5 Re8 12. Nc1 Nac4 13. Bxc4 Nxc4 14.
b3 Nd6 15. O-O b6 16. Be3 f5 17. Nd3 f4 18. Bf2 a5 19. Nb2 Ba6 20. Re1 g5 21. g4 h5 22. h3 Kf7 23. Kg2 Rh8 24. Rh1 Qd7 25. Nb1 hxg4 26. hxg4 Rxh1 27. Kxh1 Rh8+ 28. Kg2 Bf6 29. Na3 Kg6 30. Nac4 Qh7 31. Kf1 Qh2 32.
Ke2 Nb5 33. Ke1 Qg2 34. Kd2 Qxf2+ 0-1

[Event "GrandPrix_29.05"]
[Site "Chess.com"]
[Date "2020.05.29"]
[Round "4"]
[White "gummigisla"]
[Black "Zakaryan_David"]
[Result "0-1"]
[WhiteElo "2069"]
[BlackElo "1352"]
[TimeControl "600+2"]
[EndTime "10:49:48 PDT"]
[Termination "Zakaryan_David won by resignation"]

1. Nf3 Nf6 2. g3 g6 3. Bg2 Bg7 4. d3 O-O 5. e4 d5 6. Nbd2 c5 7. O-O Nc6 8. c3 e5 9. Qe2 d4 10. Nc4 Ne8 11. a4 b6 12. Bg5 f6 13. Bd2 Nd6 14.
Nxd6 Qxd6 15. c4 f5 16. exf5 gxf5 17. a5 Rb8 18. Ng5 h6 19. Bd5+ Kh8 20. Nf7+ Rxf7 21.
Bxf7 Ne7 22. axb6 axb6 23. f4 e4 24. dxe4 fxe4 25. Qxe4 Bf5 26. Qf3 d3 27. Bc3 Bd4+ 28. Kg2 Kg7 29. Bd5 Nxd5 30. Bxd4+ cxd4 31. cxd5 Re8 32.
Rfe1 Qd7 33. Re5 d2 34. Qe2 Qxd5+ 35. Kf2 Rxe5 36. fxe5 d3 37. Qxd2 Qd4+ 38. Kg2 Be4+ 39. Kf1 Bf3 40. Re1 Bg4 41. Qf2 Qxf2+ 42. Kxf2 d2 0-1

[Event "GrandPrix_29.05"]
[Site "Chess.com"]
[Date "2020.05.29"]
[Round "4"]
[White "Volodar_Murzin"]
[Black "Chepaschess"]
[Result "1/2-1/2"]
[WhiteElo "2501"]
[BlackElo "2617"]
[TimeControl "600+2"]
[EndTime "10:50:03 PDT"]
[Termination "Game drawn by repetition"]

1. e4 c6 2. Nf3 d5 3. Nc3 dxe4 4. Nxe4 Nf6 5. Qe2 Bf5 6. Nxf6+ gxf6 7. d4 Qd5 8. c3 Bg4 9. Be3 Nd7 10. h3 Bxf3 11. Qxf3 Qxf3 12. gxf3 e6 13. Bd3 Bd6 14. Ke2 Ke7 15.
Rag1 h5 16. Rg7 Rag8 17. Rhg1 Rxg7 18. Rxg7 f5 19. Rg1 Nf8 20. f4 Ng6 21. Kf3 Nh4+ 22.
Ke2 Ng6 23. Kf3 Nh4+ 24. Ke2 Ng6 1/2-1/2

[Event "GrandPrix_29.05"]
[Site "Chess.com"]
[Date "2020.05.29"]
[Round "4"]
[White "am00ss00"]
[Black "SacrificeGod"]
[Result "0-1"]
[WhiteElo "2097"]
[BlackElo "2318"]
[TimeControl "600+2"]
[EndTime "10:50:07 PDT"]
[Termination "SacrificeGod won by resignation"]

1. e4 c5 2. Nc3 d6 3. g3 g6 4. Bg2 Bg7 5. d3 Nc6 6. f4 Nf6 7. Nf3 O-O 8. O-O Rb8 9. h3 b5 10. Be3 b4 11. Ne2 Ba6 12. Qd2 c4 13. e5 dxe5 14. fxe5 Ne8 15. d4 c3 16. bxc3 bxc3 17. Qd1 Rb2 18. Rf2 Qa5 19. Nc1 Nb4 20. Nb3 Qa3 21. Bc1 Nc7 22. Bxb2 cxb2 23. Rb1 Ncd5 24.
Qe1 Rc8 25. c3 Nd3 26. Qd2 Nxc3 27. Rxb2 Nxf2 28. Kxf2 Ne4+ 29. Ke3 Nxd2 30. Rxd2 Bh6+ 0-1

[Event "GrandPrix_29.05"]
[Site "Chess.com"]
[Date "2020.05.29"]
[Round "4"]
[White "Koksik_13"]
[Black "TheFireChess"]
[Result "0-1"]
[WhiteElo "2059"]
[BlackElo "2220"]
[TimeControl "600+2"]
[EndTime "10:50:10 PDT"]
[Termination "TheFireChess won by resignation"]

1. d4 d6 2. Nc3 c6 3. e4 e5 4. Nf3 Nd7 5. Bc4 Be7 6. O-O Ngf6 7. Qe2 O-O 8. Rd1 Qc7 9. Bg5 h6 10. Bh4 Re8 11. dxe5 dxe5 12. Bg3 b5 13. Bb3 a5 14. a4 b4 15. Nb1 Ba6 16. Bc4 Bxc4 17. Qxc4 Nh5 18.
Nbd2 Nf4 19. Nf1 Nb6 20. Qb3 c5 21. c4 Ne2+ 22. Kh1 Bd6 23. Ne3 Nd4 24. Nxd4 exd4 25.
Bxd6 Qxd6 26. Nf5 Qf4 27. f3 g6 28. Ng3 h5 29. Qd3 h4 30. Ne2 Qh6 31. b3 Nd7 32. f4 Nf6 33. e5 Ng4 34. Qf3 Ne3 35. Rd3 Nf5 36. Kg1 Qh5 37. Qxh5 gxh5 38. Kf2 f6 39. exf6 Kf7 40. Ng1 Re4 41. Nf3 Kxf6 42. g3 Rae8 43.
Ne5 hxg3+ 44. hxg3 h4 45. Kf3 Nxg3 46. Rg1 Kf5 47. Kg2 Rxf4 48. Nf7 Kg4 49. Nh6+ Kg5 50. Kh3 Kxh6 0-1

[Event "GrandPrix_29.05"]
[Site "Chess.com"]
[Date "2020.05.29"]
[Round "4"]
[White "Poghosyan_Suren"]
[Black "Dolphin_2010"]
[Result "0-1"]
[WhiteElo "2126"]
[BlackElo "2143"]
[TimeControl "600+2"]
[EndTime "10:50:17 PDT"]
[Termination "Dolphin_2010 won by resignation"]

1. d4 c6 2. c4 d5 3. Nf3 Nf6 4. Nc3 dxc4 5. a4 Bf5 6. Ne5 Nbd7 7. Nxc4 Qc7 8. g3 e5 9. dxe5 Nxe5 10. Bf4 Nfd7 11.
Qc1 f6 12. a5 g5 13. Nxe5 Nxe5 14. Bxe5 Qxe5 15. a6 b5 16. Bg2 Rc8 17. O-O Bc5 18. e4 Be6 19. Kh1 g4 20. Qh6 Bf8 21. Qe3 h5 22. Qxa7 h4 23. Qb7 hxg3 24. a7 gxf2 25.
h3 Bd6 0-1

[Event "GrandPrix_29.05"]
[Site "Chess.com"]
[Date "2020.05.29"]
[Round "4"]
[White "DaVinci81"]
[Black "Bosiocic"]
[Result "0-1"]
[WhiteElo "2475"]
[BlackElo "2752"]
[TimeControl "600+2"]
[EndTime "10:50:29 PDT"]
[Termination "Bosiocic won by checkmate"]

1. d4 d6 2. e4 Nf6 3. Bd3 e5 4. c3 d5 5. dxe5 Nxe4 6. Nf3 Nc6 7. O-O Bg4 8. Be2 Bc5 9. b4 Bb6 10. b5 Ne7 11. h3 Bh5 12. g4 Bg6 13. Nd4 c5 14. bxc6 Nxc6 15. Be3 Nxe5 16. Kg2 h5 17. Rh1 Qh4 18. Qa4+ Kf8 19. Nd2 Nxd2 20. Bxd2 hxg4 21. hxg4 Be4+ 22. f3 Qxg4+ 23. Kf2 Nd3+ 24. Bxd3 Qxf3+ 25. Kg1 Rxh1# 0-1

[Event "GrandPrix_29.05"]
[Site "Chess.com"]
[Date "2020.05.29"]
[Round "4"]
[White "nurgyulsalimova"]
[Black "Andrjywa"]
[Result "1/2-1/2"]
[WhiteElo "2213"]
[BlackElo "2093"]
[TimeControl "600+2"]
[EndTime "10:50:36 PDT"]
[Termination "Game drawn by repetition"]

1. d4 c5 2. d5 Nf6 3. Nc3 e6 4. e4 b6 5. Nf3 Bb7 6. Be2 exd5 7. exd5 d6 8. O-O Be7 9. Bf4 O-O 10. Re1 Na6 11. Bc4 Nc7 12. a4 a6 13. Qd3 b5 14.
axb5 axb5 15. Rxa8 Bxa8 16. Nxb5 Nxb5 17. Bxb5 Nxd5 18.
Bg3 Nb4 19. Qe2 Bf6 20. c3 Nd5 21. Rd1 Be7 22. Re1 Bf6 23. Rd1 Be7 24. Re1 Bf6 1/2-1/2

[Event "GrandPrix_29.05"]
[Site "Chess.com"]
[Date "2020.05.29"]
[Round "4"]
[White "nikosgal"]
[Black "Nuvas"]
[Result "1-0"]
[WhiteElo "2525"]
[BlackElo "2238"]
[TimeControl "600+2"]
[EndTime "10:50:59 PDT"]
[Termination "nikosgal won by resignation"]

1. d4 d5 2. c4 c6 3. Nc3 Nf6 4.
cxd5 cxd5 5. Bf4 Nc6 6. e3 Bg4 7. Qb3 Na5 8. Qa4+ Bd7 9. Bb5 Nc6 10. Nf3 a6 11. Bxc6 Bxc6 12. Qb3 Nh5 13. Bg5 h6 14.
Bh4 g5 15. Bg3 Nxg3 16. hxg3 Bg7 17. Ne5 Bxe5 18. dxe5 Qc7 19. f4 gxf4 20. gxf4 O-O-O 21.
O-O-O Kb8 22. Kb1 e6 23. Ne2 d4 24. Nxd4 Bxg2 25. Rhg1 Be4+ 26. Ka1 Rc8 27. a3 h5 28. Rg7 Qc1+ 29. Ka2 Bd5 30. Rxc1 Rxc1 31. Qxd5 exd5 32. Rxf7 h4 33. e6 h3 34. Nf3 h2 35. Nxh2 Rxh2 36.
e7 Rh8 37. f5 Kc8 38. Rf8+ Kd7 39. e8=Q+ 1-0

[Event "GrandPrix_29.05"]
[Site "Chess.com"]
[Date "2020.05.29"]
[Round "4"]
[White "weplaychess09"]
[Black "PlayChessSimple"]
[Result "0-1"]
[WhiteElo "2091"]
[BlackElo "2262"]
[TimeControl "600+2"]
[EndTime "10:51:07 PDT"]
[Termination "PlayChessSimple won by resignation"]

1. d4 e6 2. c4 f5 3. Nc3 Nf6 4. e3 g6 5. Bd3 Bg7 6. Nge2 O-O 7. O-O d6 8. Qc2 e5 9. f3 c5 10. a3 Nc6 11. d5 Ne7 12. b4 e4 13. fxe4 fxe4 14. Bxe4 Nxe4 15. Rxf8+ Qxf8 16. Qxe4 Bf5 17. Qf4 Bd3 18. Ra2 Be5 19. Qxf8+ Rxf8 20. Rd2 Bxc4 21. Bb2 Bxc3 22. Bxc3 Nxd5 23. h3 Nxe3 24. Ng3 Nd5 25.
Ne4 Rf4 26. Rxd5 Rf1+ 27. Kh2 Bxd5 28. Nf6+ Rxf6 29. Bxf6 Kf7 30. Bc3 Be4 31. g4 Ke6 32. Kg3 Kd5 33. Kf4 Bg2 34. h4 Kc4 35. Be1 b6 36. h5 gxh5 37. gxh5 d5 38. bxc5 bxc5 39. Ke3 d4+ 40. Kd2 Kd5 41. Bf2 c4 42. h6 c3+ 43.
Kc2 Kc4 44. Kc1 d3 45. Be3 d2+ 46. Bxd2 cxd2+ 47. Kxd2 Kb3 48. Kd3 Kxa3 49. Kc3 a5 0-1

[Event "GrandPrix_29.05"]
[Site "Chess.com"]
[Date "2020.05.29"]
[Round "4"]
[White "arminmusovic"]
[Black "BogdanDeac"]
[Result "0-1"]
[WhiteElo "2255"]
[BlackElo "2255"]
[TimeControl "600+2"]
[EndTime "10:51:10 PDT"]
[Termination "BogdanDeac won by resignation"]

1. a3 e5 2. Nc3 d5 3. d4 e4 4.
Bf4 c6 5. e3 Nf6 6. Nge2 Na6 7.
h3 Nc7 8. Bh2 Be7 9. Nf4 O-O 10.
g4 Bd6 11. g5 Nfe8 12. h4 Ne6 13. Nxe6 fxe6 14. Bh3 Bxh2 15. Rxh2 Qd6 16. Rg2 e5 17. Bxc8 Rxc8 18. Qg4 Rc7 19. O-O-O Rcf7 20. Rd2 exd4 21. exd4 Rf4 22. Qg3 Rf3 23. Qg4 Qf4 24. Qe6+ Qf7 25. Qg4 Nd6 26. Nd1 Nc4 27. Re2 Rf4 28. Qg3 Qh5 29.
g6 h6 30. Re1 Qxh4 31. Qb3 Qe7 32. Rh1 R8f6 33. Rh5 Rf3 34. Qb4 Qxb4 35. axb4 a6 36. b3 Nd6 37. Re5 Kf8 38. Kd2 Nf5 39. c3 Nh4 40. Rg4 Nxg6 41. Rh5 Nf4 42. Rh2 Nd3 43.
Ke2 g5 44. Rg1 Kg7 45. Rf1 Kg6 46. Ne3 h5 47. Nd1 h4 48. Rg1 Kh5 49. Rgh1 b6 50.
Rg1 g4 51. Rgh1 h3 52. Rg1 Kh4 53. Rgh1 a5 54. bxa5 bxa5 55. Rg1 Rf7 56. Rgh1 Rb7 57. Ne3 Rxb3 58. Ng2+ Kg5 59. Ne1 0-1

[Event "GrandPrix_29.05"]
[Site "Chess.com"]
[Date "2020.05.29"]
[Round "4"]
[White "bratkoo"]
[Black "Belka1989"]
[Result "0-1"]
[WhiteElo "2015"]
[BlackElo "2289"]
[TimeControl "600+2"]
[EndTime "10:51:17 PDT"]
[Termination "Belka1989 won by checkmate"]

1. e4 c5 2. Nf3 d6 3. d4 cxd4 4. Nxd4 Nf6 5. Nc3 a6 6. h3 e5 7. Nde2 h5 8. Bg5 Be6 9. Ng3 g6 10.
Be2 Be7 11. Qd2 Nbd7 12. O-O-O Rc8 13. Kb1 Qa5 14. Bf3 h4 15. Nge2 b5 16. Nc1 b4 17.
N3e2 Qb6 18. Nd3 a5 19. c3 bxc3 20. Nxc3 O-O 21. Bxh4 Nxe4 22. Bxe4 Bxh4 23. Nd5 Qd4 24. Qe3 Bxd5 25. Qxd4 Bxa2+ 26. Kxa2 exd4 27. g3 Bf6 28. h4 Nc5 29. Nxc5 dxc5 30. g4 c4 31. h5 g5 32.
f4 d3 33. fxg5 Bxg5 34. h6 Kh8 35. Rh5 f6 36. Rh3 Rb8 37. Bd5 Rb4 38. Rb1 Rfb8 39. Rhh1 Ra4# 0-1

[Event "GrandPrix_29.05"]
[Site "Chess.com"]
[Date "2020.05.29"]
[Round "4"]
[White "ebret"]
[Black "Pultis"]
[Result "0-1"]
[WhiteElo "2072"]
[BlackElo "2236"]
[TimeControl "600+2"]
[EndTime "10:51:44 PDT"]
[Termination "Pultis won by resignation"]

1. d4 Nf6 2. Nf3 g6 3. g3 Bg7 4. Bg2 O-O 5. O-O c5 6. c4 d5 7. cxd5 Nxd5 8. dxc5 Na6 9. e4 Ndb4 10. Qb3 Be6 11. Qa4 Nd3 12. Rd1 Naxc5 13. Qc2 Nb4 14. Qe2 Bc4 15. Rxd8 Bxe2 16. Rxa8 Rxa8 17. Nc3 Nc2 18.
Rb1 Bd3 19. Bf1 Nd4 20. Nxd4 Bxb1 21. Nxb1 Bxd4 22. Nd2 Rd8 23. b4 Nd3 24. Bxd3 Bc3 25. Bc4 Bxd2 26. Ba3 Bxb4 27. Bxb4 Rd4 28. Bxe7 Rxc4 29.
e5 b5 30. a3 a5 31. Bd8 b4 32. axb4 axb4 33. Bf6 b3 0-1

[Event "GrandPrix_29.05"]
[Site "Chess.com"]
[Date "2020.05.29"]
[Round "4"]
[White "Mizner"]
[Black "switlave"]
[Result "0-1"]
[WhiteElo "2006"]
[BlackElo "2084"]
[TimeControl "600+2"]
[EndTime "10:51:48 PDT"]
[Termination "switlave won by resignation"]

1. d4 Nf6 2. c4 g6 3. g3 Bg7 4. Bg2 d5 5. cxd5 Nxd5 6. Nf3 O-O 7. O-O Nb6 8. Nc3 Nc6 9. e3 Re8 10. a3 e5 11. d5 Ne7 12. e4 Bg4 13. h3 Bxf3 14.
Qxf3 c6 15. Rd1 cxd5 16. exd5 Nf5 17. d6 Nd4 18. Qxb7 Qxd6 19. Qa6 Rab8 20. Qxa7 Nc4 21.
Qa4 Rec8 22. b4 Nb6 23. Ne4 Nxa4 24. Nxd6 Rd8 25. Rxd4 exd4 26. Bf4 g5 27. Bxg5 Rxd6 28. Bf4 Rbd8 0-1

[Event "GrandPrix_29.05"]
[Site "Chess.com"]
[Date "2020.05.29"]
[Round "4"]
[White "aleksandrovaleksei"]
[Black "MilosJi"]
[Result "1-0"]
[WhiteElo "2459"]
[BlackElo "2141"]
[TimeControl "600+2"]
[EndTime "10:51:52 PDT"]
[Termination "aleksandrovaleksei won by resignation"]

1. d4 d5 2. c4 e6 3. Nc3 Nf6 4.
cxd5 exd5 5. Bg5 c6 6. e3 Bf5 7. Qf3 Bg6 8. Bxf6 Qxf6 9. Qxf6 gxf6 10. Nf3 Nd7 11. Nh4 Nb6 12. O-O-O Bb4 13. Ne2 Nc4 14. Ng3 Nd6 15. Bd3 Kf8 16. f4 Bxd3 17. Rxd3 Re8 18.
Nhf5 Nc4 19. Nh5 Re6 20. g4 Rg8 21. h3 Ba5 22. b3 Na3 23. Kb2 Nb5 24. a4 Nc7 25. Rdd1 Bb4 26. Kc2 a5 27. Kd3 Na6 28. Ke2 Bd6 29. Kf3 Nb4 30. h4 Be7 31. g5 Bd8 32. Rh2 Rh8 33. Rg1 fxg5 34. hxg5 f6 35. Nfg7 Rd6 36. Nf5 Re6 37. g6 hxg6 38. Rxg6 b6 39.
Rh4 c5 40. Nhg7 Rxh4 41. Nxe6+ Kf7 42. Nxd8+ Kxg6 43. Nxh4+ Kh5 44. Nf5 c4 45. bxc4 dxc4 46. Ng3+ Kg6 47. Ne2 f5 48. Nc3 1-0

[Event "GrandPrix_29.05"]
[Site "Chess.com"]
[Date "2020.05.29"]
[Round "4"]
[White "Grebnev_A"]
[Black "ehrenfeld"]
[Result "0-1"]
[WhiteElo "2153"]
[BlackElo "2207"]
[TimeControl "600+2"]
[EndTime "10:52:05 PDT"]
[Termination "ehrenfeld won by checkmate"]

1. c4 e5 2. Nc3 Bb4 3. Nd5 Bc5 4. g3 d6 5. Bg2 a5 6. e3 Nd7 7. Ne2 c6 8. Ndc3 Ngf6 9. O-O O-O 10. Rb1 Bb6 11. a3 Re8 12. d3 Nf8 13. b4 axb4 14.
axb4 d5 15. e4 dxc4 16. dxc4 Be6 17. c5 Bc7 18. Qc2 Qe7 19. Na4 Ng6 20. Be3 h6 21.
Rfd1 Ng4 22. Bd2 Nf6 23. Be3 Nh7 24. Nec3 Ng5 25. Nb6 Bxb6 26. cxb6 Bg4 27. Rd3 Nf3+ 28. Kh1 Ng5 29. Bc5 Qe6 30. Rd6 Qc8 31. Rf1 Bf3 32.
Bxf3 Nxf3 33. Kg2 Ngh4+ 34. gxh4 Qg4+ 35. Kh1 Qh3 36. Qd3 Qxh2# 0-1

[Event "GrandPrix_29.05"]
[Site "Chess.com"]
[Date "2020.05.29"]
[Round "4"]
[White "Pidzsy"]
[Black "rfhfb"]
[Result "1-0"]
[WhiteElo "2209"]
[BlackElo "2135"]
[TimeControl "600+2"]
[EndTime "10:52:15 PDT"]
[Termination "Pidzsy won by resignation"]

1. e4 e5 2. Bc4 Nf6 3. Nf3 Bd6 4. d4 Nc6 5. dxe5 Bxe5 6. O-O O-O 7. Bg5 d6 8. Nxe5 Nxe5 9. Bb3 h6 10. Bh4 Ng6 11. Bxf6 Qxf6 12. Nc3 Be6 13. f4 Nxf4 14. Qd2 g5 15. g3 Bxb3 16. axb3 Nh3+ 17. Kg2 Qe6 18. Rf5 g4 19. Raf1 Ng5 20. Rf6 Qe7 21. Rxh6 f6 22. Rfxf6 Nxe4 23. Rhg6+ 1-0

[Event "GrandPrix_29.05"]
[Site "Chess.com"]
[Date "2020.05.29"]
[Round "4"]
[White "klimkoj"]
[Black "Keks2017"]
[Result "1-0"]
[WhiteElo "2126"]
[BlackElo "2153"]
[TimeControl "600+2"]
[EndTime "10:52:25 PDT"]
[Termination "klimkoj won by resignation"]

1. e4 d6 2. d4 Nf6 3. Nc3 g6 4. Nf3 Bg7 5. Be3 O-O 6. Qd2 a6 7. O-O-O b5 8. Bd3 Bb7 9. e5 Nd5 10. Nxd5 Bxd5 11. h4 h5 12. Bh6 Nc6 13. Qg5 e6 14.
Qe3 Bxf3 15. gxf3 dxe5 16. Bxg7 Kxg7 17. dxe5 Qd4 18. Be4 Qxe3+ 19. fxe3 Nxe5 20. Bxa8 Rxa8 21. f4 Nc4 22. Rhe1 Nd6 23. e4 Rc8 24. b3 Kf8 25.
Rd4 Ke8 26. Red1 Rb8 27. c4 bxc4 28. bxc4 Nb7 29. Kc2 Na5 30. Kc3 Nc6 31. R4d2 Ke7 32. Rd7+ Ke8 33. Rxc7 Nb4 34. Rdd7 Nxa2+ 35. Kd4 f6 36.
Rh7 1-0

[Event "GrandPrix_29.05"]
[Site "Chess.com"]
[Date "2020.05.29"]
[Round "4"]
[White "Borsuk_Konstantin"]
[Black "bsnsun"]
[Result "0-1"]
[WhiteElo "1758"]
[BlackElo "2153"]
[TimeControl "600+2"]
[EndTime "10:52:26 PDT"]
[Termination "bsnsun won by resignation"]

1. d4 Nf6 2. c4 e6 3. Nc3 Bb4 4.
Qc2 O-O 5. a3 Bxc3+ 6. Qxc3 d5 7. f3 c5 8. cxd5 cxd4 9. Qxd4 Nc6 10. Qd1 exd5 11. e3 Re8 12. Kf2 d4 13. e4 Ne5 14.
Bd3 Be6 15. Bf4 Nxd3+ 16. Qxd3 Rc8 17. Ne2 Bc4 18. Qxd4 Bxe2 19. Qxd8 Rexd8 20. Kxe2 Rc2+ 21. Ke3 Rcd2 22. Be5 g5 0-1

[Event "GrandPrix_29.05"]
[Site "Chess.com"]
[Date "2020.05.29"]
[Round "4"]
[White "Bengalas"]
[Black "IMTominho"]
[Result "0-1"]
[WhiteElo "2077"]
[BlackElo "2098"]
[TimeControl "600+2"]
[EndTime "10:52:29 PDT"]
[Termination "IMTominho won by resignation"]

1. d4 d5 2. c4 c6 3. Nf3 Nf6 4. e3 Bf5 5. Nc3 e6 6. Nh4 Be4 7. f3 Bg6 8. Qb3 Qc7 9. Nxg6 hxg6 10. g3 Nbd7 11. cxd5 exd5 12. Bd2 Bd6 13. f4 O-O 14. Bg2 Nb6 15. O-O Nc4 16. Qc2 Rfe8 17. Rfe1 Re7 18. e4 Qb6 19. Qd3 Nxb2 20. Qc2 Nc4 21. Qd3 Nxd2 22. Qxd2 dxe4 23. Bxe4 Bb4 24. Bf3 Rd7 25. Red1 Rad8 26. Qc2 Rxd4 27. Kg2 Qc5 0-1

[Event "GrandPrix_29.05"]
[Site "Chess.com"]
[Date "2020.05.29"]
[Round "4"]
[White "Haykos"]
[Black "Denis0027"]
[Result "1-0"]
[WhiteElo "2204"]
[BlackElo "2165"]
[TimeControl "600+2"]
[EndTime "10:52:53 PDT"]
[Termination "Haykos won by resignation"]

1. e4 d6 2. Nf3 e5 3. d4 exd4 4.
Nxd4 Nf6 5. Nc3 Nc6 6. Be2 g6 7.
Nxc6 bxc6 8. e5 Nd7 9. exd6 cxd6 10. O-O Be7 11. Bh6 d5 12. Re1 f6 13. Nxd5 cxd5 14. Qxd5 Nb6 15. Qb3 Bb7 16. Bb5+ Nd7 17. Rad1 Bc8 18.
Qd5 Rb8 19. Bc4 Ne5 20. Rxe5 Qxd5 21. Rexd5 Be6 22. R5d4 Bxc4 23. Rxc4 g5 24. Rc7 Kf7 25.
h4 Rhg8 26. hxg5 fxg5 27. Rdd7 Rbe8 28. f4 gxf4 29. Bxf4 Ke6 30. Rd3 Kf5 31. Rf3 Kg4 32. Rg3+ Kxf4 33. Rxg8 Rxg8 34. Rxe7 Rc8 35. c3 Rb8 36. b3 h5 37. Rxa7 Rd8 38. Kh2 Rd1 39. a4 h4 40. Rh7 Kg4 41. a5 Rc1 42. a6 1-0

[Event "GrandPrix_29.05"]
[Site "Chess.com"]
[Date "2020.05.29"]
[Round "4"]
[White "tianachess"]
[Black "GM_LOADING"]
[Result "0-1"]
[WhiteElo "2071"]
[BlackElo "2333"]
[TimeControl "600+2"]
[EndTime "10:52:55 PDT"]
[Termination "GM_LOADING won by resignation"]

1. d4 Nf6 2. Nf3 e6 3. c4 Bb4+ 4. Nbd2 b6 5. a3 Bxd2+ 6. Bxd2 Bb7 7. g3 O-O 8. Bg2 a5 9. O-O a4 10. Bc3 d6 11. Re1 Be4 12. Nd2 Bxg2 13. Kxg2 Nc6 14. e4 e5 15. d5 Ne7 16. f4 Nd7 17. Nf3 exf4 18. Qd4 f6 19. Ng5 Nc5 20. gxf4 Qd7 21. f5 Nb3 22. Qe3 Nxa1 23. Rxa1 fxg5 24. Qxg5 Nxf5 25.
Kh1 Qe7 26. Qg4 Ne3 27. Qe6+ Qxe6 28. dxe6 Rae8 29. Rg1 Rf1 30. Rxf1 Nxf1 31. Kg2 Ne3+ 32.
Kf3 Nxc4 0-1

[Event "GrandPrix_29.05"]
[Site "Chess.com"]
[Date "2020.05.29"]
[Round "4"]
[White "klippfiskkjerringa"]
[Black "Alexander_Moskalenko"]
[Result "0-1"]
[WhiteElo "2117"]
[BlackElo "2246"]
[TimeControl "600+2"]
[EndTime "10:52:57 PDT"]
[Termination "Alexander_Moskalenko won by checkmate"]

1. Nf3 d6 2. d4 g6 3. c4 Bg7 4.
Nc3 c5 5. d5 Bxc3+ 6. bxc3 f5 7.
e4 fxe4 8. Ng5 Nf6 9. Qc2 Qa5 10. Bd2 Bf5 11. Qb3 Nbd7 12. h3 h6 13. Ne6 Kf7 14. Nf4 g5 15. Ne2 Ne5 16. Ng3 Bg6 17. Be2 Rag8 18.
O-O h5 19. Bxg5 h4 20. Nh1 Nf3+ 21. Bxf3 exf3 22. g4 hxg3 23. Nxg3 Rxh3 24. Rfe1 Ne4 25. Qxb7 Rxg3+ 26. fxg3 f2+ 27. Kh2 Rh8+ 28. Bh4 Rxh4+ 29. gxh4 fxe1=Q 30. Rxe1 Qxa2+ 31. Kh1 Nf2+ 32. Kg1 Nh3+ 33.
Kh1 Be4+ 34. Rxe4 Nf2+ 35. Kg1 Nxe4 36. Kh1 Qf2 37. Qxa7 Ng3# 0-1

[Event "GrandPrix_29.05"]
[Site "Chess.com"]
[Date "2020.05.29"]
[Round "4"]
[White "kayrakamer"]
[Black "hypert"]
[Result "0-1"]
[WhiteElo "2061"]
[BlackElo "2037"]
[TimeControl "600+2"]
[EndTime "10:53:07 PDT"]
[Termination "hypert won by resignation"]

1. e4 c5 2. Nf3 Nc6 3. d4 cxd4 4. Nxd4 e5 5. Nb5 a6 6. N5c3 Bc5 7. Bc4 Nge7 8. O-O O-O 9. a4 d6 10. Bg5 Kh8 11.
Nd2 f6 12. Bh4 g5 13. Bg3 Ng6 14. Nd5 Nf4 15. c3 a5 16. Rb1 Be6 17. Bxf4 gxf4 18. Qh5 Qd7 19. Qh6 Bxd5 20. Bxd5 Ne7 21. b4 Bb6 22. Nc4 Nxd5 23. exd5 Bc7 24. b5 b6 25.
Nd2 Rf7 26. Ne4 Qe7 27. f3 Rg8 28. h4 Rg6 29. Qh5 f5 30. Ng5 Rfg7 31. Rb2 Rg8 32. Re2 Bd8 33. c4 Qg7 34. g4 Bxg5 35. gxf5 Rh6 36.
Qxg5 Qf7 37. Rg2 Rxg5 38. hxg5 Rh3 39. g6 Qxf5 0-1

[Event "GrandPrix_29.05"]
[Site "Chess.com"]
[Date "2020.05.29"]
[Round "4"]
[White "RaphaeI"]
[Black "Borisss85"]
[Result "1-0"]
[WhiteElo "2185"]
[BlackElo "1864"]
[TimeControl "600+2"]
[EndTime "10:53:14 PDT"]
[Termination "RaphaeI won by resignation"]

1. d4 Nf6 2. Nf3 g6 3. c4 Bg7 4. g3 O-O 5. Bg2 d5 6. cxd5 Nxd5 7. O-O Nc6 8. e4 Nb6 9. d5 Na5 10. Nc3 c6 11. Bf4 cxd5 12. Nxd5 Nac4 13. Nc7 Rb8 14.
b3 e5 15. Qxd8 Rxd8 16. Bg5 Rd7 17. Ne8 Nd6 18. Nxg7 Kxg7 19. Nxe5 Rc7 20. Rfd1 Nb5 21. Bf4 Nc3 22. Rd2 Be6 23. Nxf7 Rbc8 24. Ng5 Bg8 25.
Bxc7 Rxc7 26. e5 1-0

[Event "GrandPrix_29.05"]
[Site "Chess.com"]
[Date "2020.05.29"]
[Round "4"]
[White "Khvicha_Supatashvili"]
[Black "Yaroslav_Remizov"]
[Result "1-0"]
[WhiteElo "2132"]
[BlackElo "2059"]
[TimeControl "600+2"]
[EndTime "10:53:17 PDT"]
[Termination "Khvicha_Supatashvili won by resignation"]

1. d4 d5 2. c4 c6 3. Nc3 Nf6 4. e3 e6 5. Nf3 Nbd7 6. Bd3 dxc4 7. Bxc4 b5 8. Bd3 Bb7 9. e4 b4 10. Na4 c5 11. e5 Nd5 12. dxc5 Nxc5 13. Nxc5 Bxc5 14.
O-O Qd7 15. Qe2 O-O-O 16. Bg5 f6 17. Rac1 fxg5 18. Rxc5+ Kb8 19. Ba6 h6 20. Rb5 Nb6 21. Bxb7 Kxb7 22. Qe4+ Qc6 23. Qxb4 Rd7 24. b3 Rc8 25. Ra5 Qc2 26. Nd4 Qc1 27. g3 Qc3 28. Rxa7+ 1-0

[Event "GrandPrix_29.05"]
[Site "Chess.com"]
[Date "2020.05.29"]
[Round "4"]
[White "Igrok3069"]
[Black "Rakhmanov_Aleksandr"]
[Result "1/2-1/2"]
[WhiteElo "2539"]
[BlackElo "2457"]
[TimeControl "600+2"]
[EndTime "10:53:26 PDT"]
[Termination "Game drawn by agreement"]

1. d4 d5 2. c4 e6 3. Nc3 a6 4. cxd5 exd5 5. Qb3 c5 6. Qxd5 cxd4 7. Qxd8+ Kxd8 8. Ne4 Bb4+ 9. Bd2 Bxd2+ 10. Nxd2 Nc6 11. Ngf3 Be6 12. g3 Nf6 13. Bg2 Re8 14. O-O h6 15.
Rac1 Rc8 16. a3 Rc7 17. Rfd1 Kc8 18. Kf1 Kb8 19. Nc4 Rd8 20. Nce5 Nxe5 21. Nxe5 Rdc8 22.
Rxc7 Rxc7 23. Ke1 Rc2 24. Rd2 Rc1+ 25. Rd1 Rc2 26. Rd2 Rc1+ 1/2-1/2

[Event "GrandPrix_29.05"]
[Site "Chess.com"]
[Date "2020.05.29"]
[Round "4"]
[White "GMMarcinDziuba"]
[Black "chessfreak35"]
[Result "0-1"]
[WhiteElo "2454"]
[BlackElo "2497"]
[TimeControl "600+2"]
[EndTime "10:53:27 PDT"]
[Termination "chessfreak35 won by resignation"]

1. Nf3 d5 2. g3 g6 3. Bg2 Bg7 4. O-O Nf6 5. d4 O-O 6. Nbd2 c5 7. dxc5 Nc6 8. Rb1 e5 9. b4 e4 10. Ne1 a5 11. a3 axb4 12. axb4 Ng4 13. e3 Nge5 14. h3 Bf5 15. Bb2 Qd7 16. Kh2 Ra2 17.
c3 Rfa8 18. Nc2 Nd3 19. Ba1 h5 20. b5 Nce5 21. Nb4 Nxb4 22. cxb4 Rxa1 23. Rxa1 Rxa1 24. Qc2 Ra8 25. b6 Nf3+ 26. Kh1 Bxh3 27. Rd1 Ng5 28. Rg1 Bxg2+ 29. Rxg2 Qh3+ 0-1

[Event "GrandPrix_29.05"]
[Site "Chess.com"]
[Date "2020.05.29"]
[Round "4"]
[White "AvitalBor"]
[Black "matej2221"]
[Result "1-0"]
[WhiteElo "2482"]
[BlackElo "2163"]
[TimeControl "600+2"]
[EndTime "10:53:27 PDT"]
[Termination "AvitalBor won by resignation"]

1. e4 e5 2. Nf3 Nc6 3. Bb5 a6 4. Ba4 Nge7 5. O-O g6 6. c4 Bg7 7. Nc3 O-O 8. h3 d6 9. d3 Bd7 10. Rb1 f5 11. b4 Nd4 12. Bxd7 Qxd7 13. Re1 b5 14. Bb2 bxc4 15. dxc4 Rab8 16. a3 Nxf3+ 17. Qxf3 fxe4 18. Qxe4 Rf4 19. Qe2 Qc6 20. Ne4 a5 21. b5 Qd7 22. Rbd1 Rbf8 23. a4 h6 24. b6 cxb6 25. Rxd6 Qxa4 26. Rxb6 Nc6 27. Ra1 1-0